 Dungeon Crawl Stone Soup version 0.31-a0-1392-g2ccc7d8 (webtiles) character file.

Game seed: 16854836596989946627

436131 sol123 the Metallomancer (level 24, -33/175 HPs)
             Began as a Djinni Conjurer on Dec 22, 2023.
             Was the Champion of Makhleb.
             Killed from afar by an ancient lich (87 damage)
             ... with a crystal spear
             ... on level 5 of the Vaults on Dec 24, 2023.
             The game lasted 05:18:51 (35901 turns).

sol123 the Metallomancer (Djinni Conjurer)         Turns: 35901, Time: 05:18:52

Health: -33/175    AC: 19    Str: 10    XL:     24   Next: 82%
Gold:   4298       EV: 17    Int: 42    God:    Makhleb [******] SH:  8 Dex: 13

rFire   + + .        K - staff "Rummage" {rElec rC+++ rN+ Int+5 Air}
rCold   + + +        S - +2 buckler {AC+3}
rNeg    + + .        R - +1 ring mail {rN+}
rPois   ∞            d - +4 hat "Lunasch" {Rampage rC+ Str+4}
rElec   +            f - +2 cloak
rCorr   .            I - +1 pair of gloves of the Heavens {Will+}
SInv    +            (boots unavailable)
Will    +++++        M - amulet of regeneration
Stlth   +            h - ring of Wuduts {rPois rC+ Will++ SInv}
HPRegen 1.29/turn    k - +6 ring of intelligence
MPRegen 0.00/turn

%: rampage, infuse magic (-34 HP)
@: corroded, flying, studying 4 skills
A: sickness immunity, fire resistance 2, cold vulnerability 1, float, innate
caster, HP casting, extra vitality 1
}: 3/15 runes: decaying, silver, gossamer
a: Renounce Religion, Minor Destruction, Lesser Servant of Makhleb, Major
Destruction, Greater Servant of Makhleb


You were on level 5 of the Vaults.
You worshipped Makhleb.
Makhleb was exalted by your worship.
You visited 8 branches of the dungeon, and saw 38 of its levels.
You also visited: Sewer, Ossuary, Ice Cave and Volcano.

You collected 5990 gold pieces.
You spent 1692 gold pieces at shops.

Inventory:

Hand Weapons
 O - the +8 war axe of the Evil Eye {freeze, rCorr Str-2 Int+3}
   (You took it off an orc warrior on level 10 of the Dungeon)

   Str-2:     It affects your strength (-2).
   Int+3:     It affects your intelligence (+3).
   rCorr:     It protects you from acid and corrosion.
Missiles
 J - 2 throwing nets
Armour
 d - the +4 hat "Lunasch" (worn) {Rampage rC+ Str+4}
   (You found it on level 4 of the Spider Nest)

   Str+4:     It affects your strength (+4).
   rC+:       It protects you from cold.
   Rampage:   It bestows one free step when moving towards enemies.
 f - a +2 cloak (worn)
 s - the +0 cloak of Rejodami {Fly rC+ Will+++ Int-4}
   (You found it on level 5 of the Vaults)

   Int-4:     It affects your intelligence (-4).
   rC+:       It protects you from cold.
   Will+++:   It greatly increases your willpower.
   Fly:       It grants you flight.
 I - the +1 pair of gloves of the Heavens (worn) {Will+}
   (You took it off Nikola on level 2 of the Elven Halls)

   Will+:     It increases your willpower.
 L - the +4 leather armour "Qusupy" {rElec Will++ Str-3 SInv}
   (You bought it in a shop on level 1 of the Vaults)

   Str-3:     It affects your strength (-3).
   rElec:     It insulates you from electricity.
   Will++:    It greatly increases your willpower.
   SInv:      It lets you see invisible.
 Q - a +4 chain mail of fire resistance
 R - a +1 ring mail of positive energy (worn)
 S - a +2 buckler of protection (worn)
 Y - a scarf of invisibility
Magical Staves
 K - the staff "Rummage" (weapon) {rElec rC+++ rN+ Int+5 Air}
   (You took it off an orc wizard on level 7 of the Dungeon)

   [staff of air]

   Base accuracy: +5 Base damage: 5 Base attack delay: 1.2 This weapon's minimum
   attack delay (0.6) is reached at skill level 12.
   Int+5:     It affects your intelligence (+5).
   rC+++:     It renders you almost immune to cold.
   rElec:     It insulates you from electricity.
   rN+:       It protects you from negative energy.
   Air:       It increases the power of your Air spells.
   It falls into the 'Staves' category.
   It is a one-handed weapon.
 X - a staff of conjuration
Jewellery
 h - the ring of Wuduts (left hand) {rPois rC+ Will++ SInv}
   (You acquired it on level 3 of the Elven Halls)

   [ring of see invisible]

   rC+:       It protects you from cold.
   rPois:     It protects you from poison Will++: It greatly increases your
   willpower.
   SInv:      It lets you see invisible.
 k - a +6 ring of intelligence (right hand)
 y - the ring "Typpoups" {rElec rPois Will+ Str+6 Slay+3 Stlth+}
   (You found it on level 5 of the Vaults)

   [ring of strength]

   Str+6:     It affects your strength (+6).
   Slay+3:    It affects your accuracy & damage with ranged weapons and melee
   (+3).
   rElec:     It insulates you from electricity.
   rPois:     It protects you from poison Will+: It increases your willpower.
   Stlth+:    It makes you more stealthy.
 E - a ring of fire
 M - an amulet of regeneration (around neck)
 U - the ring of Free Will {Will++ EV+5}
   (You found it on level 5 of the Vaults)

   [ring of evasion]

   EV+5:      It affects your evasion (+5).
   Will++:    It greatly increases your willpower.
 V - a ring of wizardry
 W - a ring of resist corrosion
Talismans
 F - a talisman of death
Wands
 a - a wand of mindburst (28)
 t - a wand of light (6)
 x - a wand of paralysis (50)
 N - a wand of digging (20)
 Z - a wand of polymorph (18)
Scrolls
 c - 11 scrolls of enchant weapon
 g - a scroll of butterflies
 l - 2 scrolls of revelation
 m - 12 scrolls of immolation
 n - 10 scrolls of teleportation
 p - 5 scrolls of brand weapon
 r - 4 scrolls of fog
 w - 5 scrolls of blinking
 C - 3 scrolls of enchant armour
 D - a scroll of torment
 P - 2 scrolls of fear
 T - 8 scrolls of poison
Potions
 b - 5 potions of enlightenment
 e - 7 potions of brilliance
 i - 15 potions of mutation
 j - 7 potions of ambrosia
 o - 18 potions of curing
 q - 6 potions of lignification
 u - 9 potions of might
 v - 6 potions of attraction
 z - 7 potions of resistance
 A - 3 potions of cancellation
 B - 11 potions of heal wounds
 G - 7 potions of invisibility
 H - 7 potions of haste


   Skills:
 * Level 16.1 Fighting
 * Level 16.0 Armour
 * Level 17.6 Dodging
 - Level 1.5 Stealth
 * Level 10.5 Shields
 * Level 19.9 Spellcasting
 * Level 19.9 Conjurations
 * Level 19.9 Hexes
 * Level 19.9 Summonings
 * Level 19.9 Necromancy
 * Level 19.9 Translocations
 * Level 19.9 Fire Magic
 * Level 19.9 Ice Magic
 * Level 19.9 Air Magic
 * Level 21.2 Earth Magic
 * Level 19.9 Alchemy
 * Level 16.1 Invocations
 * Level 7.8 Shapeshifting


You knew the following spells:

 Your Spells              Type           Power      Damage    Failure   Level
a - Magic Dart            Conj           100%       1d8       0%          1
b - Searing Ray           Conj           100%       2d8       0%          2
c - Fulminant Prism       Conj/Alch      59%        3d24      0%          4
d - Iskenderun's Mystic   Conj/Tloc      100%       2d19      0%          4
e - Sting                 Conj/Alch      100%       1d9       0%          1
f - Ensorcelled Hibernat  Hex/Ice        100%       N/A       0%          2
g - Gell's Gravitas       Tloc           100%       N/A       0%          3
h - Dispel Undead         Necr           100%       3d31      0%          4
i - Borgnjor's Vile Clut  Necr/Erth      60%        N/A       0%          5
j - Agony                 Necr           100%       N/A       0%          5
k - Starburst             Conj/Fire      59%        6d16      1%          6
l - Summon Cactus Giant   Summ           59%        N/A       1%          6
m - Orb of Destruction    Conj           59%        9d14      1%          7
n - Ignition              Fire           59%        3d16      2%          8
o - Monstrous Menagerie   Summ           59%        N/A       1%          7
Your spell library was empty.

Dungeon Overview and Level Annotations

Branches:
Dungeon (15/15)            Temple (1/1) D:4            Lair (4/5) D:11
  Swamp (4/4) Lair:2       Spider (4/4) Lair:3        Slime (0/5) Lair:4
    Orc (2/2) D:10            Elf (3/3) Orc:2        Vaults (5/5) D:14
 Depths (0/4) D:15          Sewer (visited)         Ossuary (visited)
  IceCv (visited)         Volcano (visited)
  Crypt: Vaults:2-3

Altars:
Ashenzari
Cheibriados
Dithmenos
Elyvilon
Fedhas
Gozag
Hepliaklqana
Makhleb
Nemelex Xobeh
Okawaru
Qazlal
Ru
Trog
Uskayaw
Wu Jian
Xom
Yredelemnul
Zin
The Shining One

Shops:
D:5 (   Orc:2 (=*[   Elf:1 *   Elf:2 =(   Elf:3 *   Vaults:1 ([!   Vaults:3 (
Vaults:4 (


Innate Abilities, Weirdness & Mutations

You are immune to sickness and miasma.
You are immune to poison.
Your flesh is very heat resistant. (rF++)
You are vulnerable to cold. (rC-)
You float through the air rather than walking.
You learn spells naturally, not from books.
Your magical power is your life essence.
You have superior vitality. (+4 MHP)


Message History

Your manticore claws the ancient lich but does no damage.
Your lindwurm closely misses the ancient lich.
Your lindwurm claws the ancient lich but does no damage. x2
The ancient lich casts a spell at you. The bolt of acid misses you.
Your manticore bites the ancient lich!
Your manticore claws the ancient lich but does no damage.
Your manticore closely misses the ancient lich.
Your lindwurm bites the ancient lich!
Your lindwurm claws the ancient lich but does no damage. x2
Your cactus giant closely misses the ancient lich.
Your manticore flicks its tail.
The volley of spikes skewers the ancient lich!
Casting: Summon Cactus Giant (safe; 1% risk of failure)
Confirm with . or Enter, or press ? or * to list all spells.
Aiming: Orb of Destruction (mildly dangerous; 1% risk of failure)
Press: ? - help, Shift-Dir - straight line, f - ancient lich
Aim: an ancient lich (moderately damaged, fast, skewered by barbs, ally target)
The wavering orb of destruction hits the ancient lich!!!
The ancient lich is severely damaged.
Casting: Orb of Destruction (mildly dangerous; 1% risk of failure)
Confirm with . or Enter, or press ? or * to list all spells.
Aiming: Orb of Destruction (mildly dangerous; 1% risk of failure)
Press: ? - help, Shift-Dir - straight line, f/p - ancient lich
Aim: an ancient lich (severely damaged, fast, skewered by barbs, ally target)
The wavering orb of destruction weakly hits the ancient lich!
The ancient lich is almost destroyed.
The ancient lich gestures at you while chanting.
The crystal spear hits you!!! The ancient lich touches you!
Your lindwurm barely misses the ancient lich.
Your lindwurm claws the ancient lich but does no damage.
Your lindwurm barely misses the ancient lich.
Casting: Orb of Destruction (mildly dangerous; 1% risk of failure)
Confirm with . or Enter, or press ? or * to list all spells.
Aiming: Orb of Destruction (mildly dangerous; 1% risk of failure)
Press: ? - help, Shift-Dir - straight line, f/p - ancient lich
Aim: an ancient lich (almost destroyed, fast, skewered by barbs, ally target)
* * * LOW HITPOINT WARNING * * *
The ancient lich points at you and mumbles some strange words.
The crystal spear hits you!!!!
You die...

##########
#.........
#........
#....##############
#C.................
#H.#.#.#.###.#.#.##
#k.#L# #.....#:#..[
#L.#.#.#.###.#.#.##
#*@#...............
#..#.###.#.#.###.#.
#..#..}..#)#..:..#.
#).#.###.#.#.###.#.
#..#...............
#..#.#.#.###.#.#.##
#..#.#[#.....#"#...
#..#.#.#.###.#.#.##
#..#........(......


You could see an ancient lich (fast, skewered, ally target), a friendly
manticore (summoned), a friendly lindwurm (summoned) and a friendly cactus giant
(summoned).

Vanquished Creatures
  A dread lich (Vaults:5)
  Saint Roka (Vaults:1)
  A golden dragon (Vaults:5)
  Nikola (Elf:2)
  2 tentacled monstrosities (Vaults:5)
  The ghost of qazz the Bludgeoner, an adept OnGl of Cheibriados (Swamp:3)
  Asterion (Vaults:1)
  A lich (Vaults:3)
  A titan (Vaults:5)
  A quicksilver dragon (Vaults:5)
  2 deep elf blademasters
  2 deep elf master archers (Elf:3)
  2 sphinxes
  The ghost of ImOTab the Warrior, an adept OnWr of Sif Muna (Swamp:2)
  Aizul (Spider:3)
  4 tengu reavers
  Kirke (Spider:1)
  A thorn hunter (Swamp:3)
  3 storm dragons (Vaults:5)
  4 shadow dragons (Vaults:5)
  5 emperor scorpions
  6 deep elf sorcerers
  8 vault wardens
  An orc warlord (Orc:2)
  5 frost giants (Vaults:5)
  Louise (Swamp:1)
  5 ghost moths
  3 deep elf elementalists (Elf:3)
  4 iron dragons (Vaults:5)
  6 very ugly things (Vaults:5)
  3 stone giants (Vaults:5)
  A formless jellyfish (Vaults:2)
  18 ironbound preservers
  3 broodmothers
  8 deep elf demonologists
  6 ironbound thunderhulks
  9 deep elf death magi
  17 dire elephants
  8 deep elf annihilators
  The ghost of Huysup the Skirmisher, a journeyman BaAr of Fedhas (D:14)
  7 war gargoyles
  A spark wasp (Spider:4)
  4 eleionomae
  Azrael (Spider:1)
  2 bunyips (Swamp:1)
  A crystal guardian (Vaults:2)
  8 ettins
  13 yaktaur captains
  Josephine (Lair:4)
  3 deep elf high priests
  2 shambling mangroves
  3 fire dragons (Swamp:4)
  11 entropy weavers
  3 radroaches
  3 peacekeepers
  Harold (Lair:2)
  30 vault guards
  2 great orbs of eyes
  16 hydras
  4 ogre magi
  Erolcha (Orc:1)
  A ghost crab (Swamp:2)
  6 ironbound frosthearts
  2 jorogumos
  13 centaur warriors
  Erica (D:8)
  10 two-headed ogres
  7 alligators
  19 dancing weapons
  7 boulder beetles
  3 death yaks (Lair:1)
  2 deep troll earth magi
  2 orc high priests (Orc:2)
  5 demonic crawlers
  Urug (D:10)
  A spriggan berserker (Swamp:4)
  Sonja (Lair:1)
  22 deep elf knights
  5 pharaoh ants
  3 spectral spriggans (Swamp:3)
  Amaemon (D:8)
  A shadow wraith (Vaults:5)
  9 skeletal warriors
  3 bog bodies
  2 spriggan druids (Lair:2)
  3 goliath frogs (Swamp:1)
  10 swamp dragons
  2 sun moths
  61 deep trolls
  Lodul (D:11)
  An orb spider (shapeshifter) (Vaults:5)
  A death drake (Swamp:2)
  11 harpies
  7 orb spiders
  5 arcanists
  14 deep elf archers
  8 orc knights
  A fenstrider witch simulacrum (Swamp:3)
  3 anaconda skeletons (Volcano)
  Pikel (D:8)
  3 steelbarb worms
  An orange crystal statue (Spider:1)
  13 lindwurms
  2 harpies (shapeshifter)
  11 ironbound convokers
  3 necromancers
  6 phantasmal warriors
  8 ugly things
  32 deep elf zephyrmancers
  29 deep elf pyromancers
  8 orc sorcerers
  6 will-o-the-wisps
  24 wolf spiders
  2 manticores
  Maurice (D:7)
  An alligator skeleton (Volcano)
  2 moths of wrath
  A nameless horror (Spider:2)
  12 cyclopes
  5 elephants (Lair:2)
  5 black mambas
  3 ice statues (IceCv)
  4 kobold blastminers
  A meliai (shapeshifter) (D:12)
  4 torpor snails
  13 vault sentinels
  Maggie (D:8)
  4 gargoyles
  An unseen horror (shapeshifter) (D:13)
  7 cane toads
  20 yaktaurs
  An orange demon (D:8)
  3 unseen horrors
  10 komodo dragons
  A kobold demonologist (D:13)
  2 tengu conjurers (D:15)
  3 rime drakes
  2 freezing wraiths
  4 trolls
  A merfolk (shapeshifter) (Vaults:2)
  2 polar bears (Lair:4)
  24 tarantellas
  9 tyrant leeches
  Grinder (Sewer)
  26 hornets
  8 meliai
  Prince Ribbit (Lair:2)
  10 blink frogs
  8 dream sheep
  A human simulacrum (Vaults:3)
  28 culicivoras
  4 water elementals
  28 jumping spiders
  18 spriggans
  2 shadows
  24 slime creatures
  4 wyverns
  10 humans
  8 basilisks
  8 wraiths
  5 fire elementals
  2 wargs
  59 yaks
  4 hogs (Spider:1)
  61 redbacks
  Grum (Lair:1)
  A basilisk (shapeshifter) (Elf:3)
  13 vampire mosquitoes
  Menkaure (D:7)
  A death yak simulacrum (IceCv)
  A steam dragon (D:6)
  16 swamp worms
  A death drake simulacrum (Swamp:3)
  A redback simulacrum (D:13)
  An acid dragon (D:12)
  4 hell hounds
  A naga (shapeshifter) (D:13)
  11 water moccasins
  2 hydra simulacra (IceCv)
  A black bear (Lair:3)
  2 ice beasts
  29 orc warriors
  5 spriggan simulacra (Swamp:3)
  A human zombie (Vaults:3)
  A sky beast (D:6)
  6 swamp drakes (Swamp:4)
  2 laughing skulls (Volcano)
  17 ogres
  2 wolves (Lair:1)
  12 centaurs
  2 boggarts (Elf:1)
  3 lemures (D:8)
  A weeping skull (Volcano)
  7 kobold brigands
  10 bullfrogs
  2 necrophages (Sewer)
  A gnoll sergeant (D:7)
  3 scorpions
  A human skeleton (Vaults:3)
  3 wights (D:7)
  A killer bee (D:11)
  A troll skeleton (Volcano)
  A spriggan skeleton (Volcano)
  A vampire bat (D:9)
  An electric eel (D:11)
  10 howler monkeys
  18 orc priests
  4 jellies
  A hound (D:5)
  A gnoll bouda (Lair:4)
  Ijyb (D:4)
  A sleepcap (D:5)
  An iguana (D:7)
  25 orc wizards
  3 polar bear simulacra (IceCv)
  8 mummies (Ossuary)
  7 gnolls
  6 adders
  5 shadow imps (Sewer)
  A white imp (D:5)
  5 ufetubi
  3 worms
  4 dart slugs
  62 orcs
  5 ball pythons
  A bat zombie (Sewer)
  8 endoplasms
  4 giant cockroaches
  A gnoll zombie (Ossuary)
  4 goblins
  8 hobgoblins
  4 jackals
  2 quokkas
  12 bats
  3 frilled lizards
  A giant cockroach zombie (Sewer)
  3 hobgoblin zombies (Ossuary)
  37 kobolds
  3 kobold zombies
  2 orc zombies (Ossuary)
  6 rats
  5 fulminant prisms
1584 creatures vanquished.

Vanquished Creatures (collateral kills)
  A deep elf blademaster (Elf:3)
  A sphinx (Vaults:4)
  A fire giant (Vaults:5)
  2 vault wardens
  2 ghost moths
  2 orc warlords
  An ironbound preserver (Vaults:2)
  2 deep elf death magi
  2 war gargoyles (Vaults:4)
  A deep elf annihilator (Elf:3)
  A crystal guardian (Vaults:4)
  A yaktaur captain (Vaults:4)
  A peacekeeper (Vaults:4)
  A rakshasa (D:15)
  A vault guard (D:14)
  2 great orbs of eyes
  A centaur warrior (Vaults:2)
  2 ironbound frosthearts (Vaults:4)
  A boulder beetle (D:13)
  A tengu warrior (D:13)
  A shock serpent (shapeshifter) (D:15)
  2 deep elf knights
  4 deep trolls
  2 arcanists
  An ironbound convoker (Vaults:4)
  2 necromancers
  A steelbarb worm (Spider:2)
  A deep elf archer (Elf:1)
  2 lindwurms (Vaults:1)
  3 deep elf zephyrmancers (Elf:1)
  20 ugly things
  5 wolf spiders
  4 deep elf pyromancers
  A manticore (D:14)
  A meliai (Spider:4)
  2 vault sentinels (Vaults:4)
  A torpor snail (Spider:1)
  A yaktaur (Vaults:4)
  An efreet (D:15)
  A tarantella (Spider:1)
  A jumping spider (Spider:2)
  3 slime creatures (D:15)
  3 culicivoras (Spider:1)
  A fire elemental (Elf:1)
  11 humans (D:14)
  5 redbacks (Spider:1)
  An orc warrior (D:14)
  2 centaurs (D:14)
  An earth elemental (Elf:2)
111 creatures vanquished.

Vanquished Creatures (others)
  A dancing weapon (Elf:2)
  A deep elf pyromancer (Elf:2)
  An elephant (Lair:2)
  3 swamp drakes (Swamp:4)
  16 foxfires
  1194 fulminant prisms
1216 creatures vanquished.

Grand Total: 2911 creatures vanquished

Notes
Turn   | Place    | Note
-------+----------+-------------------------------------------
     0 | D:1      | sol123 the Djinni Conjurer began the quest for the Orb.
     0 | D:1      | sol123 set off with the following spells memorised: Magic
                  | Dart, Searing Ray, Fulminant Prism, Iskenderun's Mystic
                  | Blast.
     0 | D:1      | Reached XP level 1. HP: 15/15 MP: 0/0
   103 | D:1      | Reached XP level 2. HP: 19/21 MP: 0/0
   173 | D:1      | Reached skill level 4 in Earth Magic
   290 | D:1      | Reached XP level 3. HP: 16/25 MP: 0/0
   290 | D:1      | Learned a level 1 spell: Sting
   900 | D:2      | Reached XP level 4. HP: 31/31 MP: 0/0
  1446 | D:2      | Found a faded altar of an unknown god.
  1846 | D:3      | Reached XP level 5. HP: 32/35 MP: 0/0
  1846 | D:3      | Learned a level 2 spell: Ensorcelled Hibernation
  1898 | D:3      | Reached skill level 5 in Spellcasting
  1898 | D:3      | Reached skill level 5 in Conjurations
  1898 | D:3      | Reached skill level 5 in Hexes
  1898 | D:3      | Reached skill level 5 in Summonings
  1898 | D:3      | Reached skill level 5 in Necromancy
  1898 | D:3      | Reached skill level 5 in Translocations
  1898 | D:3      | Reached skill level 5 in Fire Magic
  1898 | D:3      | Reached skill level 5 in Ice Magic
  1898 | D:3      | Reached skill level 5 in Air Magic
  1898 | D:3      | Reached skill level 5 in Earth Magic
  1898 | D:3      | Reached skill level 5 in Alchemy
  2468 | D:4      | Found a staircase to the Ecumenical Temple.
  2478 | D:4      | Reached XP level 6. HP: 34/40 MP: 0/0
  2486 | Temple   | Entered the Ecumenical Temple
  2546 | Temple   | Became a worshipper of Makhleb the Destroyer
  2687 | D:4      | Noticed Ijyb
  2693 | D:4      | Killed Ijyb
  2756 | D:4      | Reached skill level 6 in Earth Magic
  2794 | D:4      | Reached XP level 7. HP: 29/45 MP: 0/0
  2794 | D:4      | Learned a level 3 spell: Gell's Gravitas
  2865 | D:4      | Found a glowing drain.
  2877 | Sewer    | Entered a sewer
  2968 | Sewer    | Reached * piety under Makhleb
  3093 | Sewer    | Reached skill level 7 in Earth Magic
  3155 | Sewer    | Noticed Grinder
  3160 | Sewer    | Killed Grinder
  3161 | Sewer    | Reached XP level 8. HP: 39/50 MP: 0/0
  3179 | Sewer    | Reached skill level 8 in Earth Magic
  3332 | Sewer    | Upgraded the game from 0.31-a0-1356-gade28b5 to
                  | 0.31-a0-1370-gf52a5a9
  3725 | D:5      | Entered Level 5 of the Dungeon
  3858 | D:5      | Found a bloodstained altar of Trog.
  4144 | D:5      | Found Dupoinag's Antique Weapon Shoppe.
  4686 | D:6      | Reached ** piety under Makhleb
  4723 | D:6      | Reached skill level 9 in Earth Magic
  4723 | D:6      | Reached XP level 9. HP: 33/55 MP: 0/0
  4723 | D:6      | Learned a level 4 spell: Dispel Undead
  4954 | D:6      | Found a sand-covered staircase.
  4962 | Ossuary  | Entered an ossuary
  5298 | D:6      | Reached skill level 10 in Spellcasting
  5298 | D:6      | Reached skill level 10 in Conjurations
  5298 | D:6      | Reached skill level 10 in Hexes
  5298 | D:6      | Reached skill level 10 in Summonings
  5298 | D:6      | Reached skill level 10 in Necromancy
  5298 | D:6      | Reached skill level 10 in Translocations
  5298 | D:6      | Reached skill level 10 in Fire Magic
  5298 | D:6      | Reached skill level 10 in Ice Magic
  5298 | D:6      | Reached skill level 10 in Air Magic
  5298 | D:6      | Reached skill level 10 in Earth Magic
  5298 | D:6      | Reached skill level 10 in Alchemy
  5561 | D:7      | Reached *** piety under Makhleb
  5584 | D:7      | Found an iron altar of Okawaru.
  5952 | D:7      | Noticed Menkaure
  5958 | D:7      | Killed Menkaure
  6114 | D:7      | Reached XP level 10. HP: 57/60 MP: 0/0
  6121 | D:7      | Reached skill level 11 in Earth Magic
  6131 | D:7      | Noticed Maurice
  6140 | D:7      | Killed Maurice
  6143 | D:7      | Identified the staff "Rummage" {rElec rC+++ rN+ Int+5 Air}
  6738 | D:8      | Noticed Erica
  6746 | D:8      | Killed Erica
  6747 | D:8      | Reached skill level 12 in Earth Magic
  6793 | D:8      | Noticed Pikel
  6801 | D:8      | Killed Pikel
  6807 | D:8      | Noticed Maggie
  6819 | D:8      | Killed Maggie
  7005 | D:8      | Noticed Amaemon
  7005 | D:8      | Noticed an orange demon
  7011 | D:8      | Killed an orange demon
  7017 | D:8      | Killed Amaemon
  7017 | D:8      | Reached **** piety under Makhleb
  7018 | D:8      | Reached XP level 11. HP: 65/65 MP: 0/0
  7018 | D:8      | Learned a level 5 spell: Borgnjor's Vile Clutch
  7161 | D:8      | Found an ornate altar of the Wu Jian Council.
  7183 | D:8      | Found a stormy altar of Qazlal.
  7272 | D:8      | Reached skill level 13 in Earth Magic
  7839 | D:9      | Reached ***** piety under Makhleb
  7874 | D:9      | Found a broken altar of Ashenzari.
  8173 | D:10     | Entered Level 10 of the Dungeon
  8173 | D:10     | Noticed Urug
  8183 | D:10     | Killed Urug
  8184 | D:10     | Reached skill level 14 in Earth Magic
  8275 | D:10     | Identified the +8 war axe of the Evil Eye {freeze, rCorr
                  | Str-2 Int+3}
  8447 | D:10     | Reached XP level 12. HP: 22/70 MP: 0/0
  8553 | D:10     | Found a staircase to the Orcish Mines.
  8565 | D:10     | Upgraded the game from 0.31-a0-1370-gf52a5a9 to
                  | 0.31-a0-1376-g36f0627
  9027 | D:11     | Reached skill level 15 in Spellcasting
  9027 | D:11     | Reached skill level 15 in Conjurations
  9027 | D:11     | Reached skill level 15 in Hexes
  9027 | D:11     | Reached skill level 15 in Summonings
  9027 | D:11     | Reached skill level 15 in Necromancy
  9027 | D:11     | Reached skill level 15 in Translocations
  9027 | D:11     | Reached skill level 15 in Fire Magic
  9027 | D:11     | Reached skill level 15 in Ice Magic
  9027 | D:11     | Reached skill level 15 in Air Magic
  9027 | D:11     | Reached skill level 15 in Earth Magic
  9027 | D:11     | Reached skill level 15 in Alchemy
  9061 | D:11     | Found a blossoming altar of Fedhas.
  9063 | D:11     | Found a bloodstained altar of Trog.
  9065 | D:11     | Found a shimmering altar of Xom.
  9065 | D:11     | Found a sparkling altar of Nemelex Xobeh.
  9065 | D:11     | Found an ornate altar of the Wu Jian Council.
  9494 | D:11     | Noticed Lodul
  9503 | D:11     | Killed Lodul
  9504 | D:11     | Reached skill level 1 in Fighting
  9504 | D:11     | Reached skill level 1 in Armour
  9504 | D:11     | Reached skill level 1 in Invocations
  9620 | D:11     | Noticed a boulder beetle
  9641 | D:11     | Killed a boulder beetle
  9693 | D:11     | Found a staircase to the Lair.
  9861 | Lair:1   | Entered Level 1 of the Lair of Beasts
  9918 | Lair:1   | Noticed Grum
  9925 | Lair:1   | Noticed a death yak
  9925 | Lair:1   | Noticed a death yak
  9927 | Lair:1   | Killed Grum
  9936 | Lair:1   | Killed a death yak
  9938 | Lair:1   | Noticed a death yak
  9939 | Lair:1   | Killed a death yak
  9964 | Lair:1   | Killed a death yak
  9965 | Lair:1   | Reached XP level 13. HP: 80/80 MP: 0/0
  9965 | Lair:1   | Learned a level 5 spell: Agony
  9970 | Lair:1   | Noticed Sonja
  9996 | Lair:1   | Killed Sonja
 10369 | Lair:2   | Reached ****** piety under Makhleb
 10398 | Lair:2   | Noticed Prince Ribbit
 10402 | Lair:2   | Killed Prince Ribbit
 10419 | Lair:2   | Reached skill level 5 in Dodging
 10482 | Lair:2   | Noticed Harold
 10495 | Lair:2   | Killed Harold
 10572 | Lair:2   | Found a frozen archway.
 10581 | IceCv    | Entered an ice cave
 10708 | IceCv    | Reached skill level 5 in Fighting
 10708 | IceCv    | Reached skill level 5 in Armour
 10708 | IceCv    | Reached skill level 5 in Invocations
 10799 | Lair:2   | Found a dark tunnel.
 10807 | Volcano  | Entered a volcano
 10919 | Volcano  | Reached skill level 16 in Earth Magic
 11013 | Volcano  | Reached XP level 14. HP: 77/92 MP: 0/0
 11372 | Lair:2   | Found a staircase to the Swamp.
 12344 | Lair:3   | Found a hole to the Spider Nest.
 12907 | Lair:4   | Noticed Josephine
 12914 | Lair:4   | Killed Josephine
 13238 | Lair:4   | Found a staircase to the Slime Pits.
 13497 | Orc:1    | Entered Level 1 of the Orcish Mines
 13515 | Orc:1    | Noticed Erolcha
 13524 | Orc:1    | Killed Erolcha
 13564 | Orc:1    | Reached XP level 15. HP: 101/101 MP: 0/0
 13564 | Orc:1    | Learned a level 6 spell: Starburst
 14076 | Orc:2    | Entered Level 2 of the Orcish Mines
 14076 | Orc:2    | Found Qituigolog's Antique Armour Shoppe.
 14092 | Orc:2    | Noticed an orc warlord
 14109 | Orc:2    | Killed an orc warlord
 14378 | Orc:2    | Found Zutuwnu's General Store.
 14386 | Orc:2    | Bought 2 potions of curing for 72 gold pieces
 14386 | Orc:2    | Bought a scroll of identify for 24 gold pieces
 14386 | Orc:2    | Bought a potion of curing for 36 gold pieces
 14386 | Orc:2    | Bought a scroll of identify for 24 gold pieces
 14386 | Orc:2    | Bought a scroll of immolation for 48 gold pieces
 14386 | Orc:2    | Bought a scroll of poison for 48 gold pieces
 14429 | Orc:2    | Found Nurez's Antique Weapon Boutique.
 14505 | Orc:2    | Found Pighod's Jewellery Emporium.
 14571 | Orc:2    | Found a staircase to the Elven Halls.
 14736 | Swamp:1  | Entered Level 1 of the Swamp
 14949 | Swamp:1  | Noticed Louise
 14985 | Swamp:1  | Killed Louise
 15635 | Swamp:2  | Found a runed translucent door.
 15639 | Swamp:2  | Noticed ImOTab's ghost (adept OnWr)
 15689 | Swamp:2  | Killed ImOTab's ghost
 15690 | Swamp:2  | Reached XP level 16. HP: 79/111 MP: 0/0
 16112 | Swamp:2  | Reached skill level 10 in Dodging
 16112 | Swamp:2  | Reached skill level 17 in Earth Magic
 16447 | Swamp:3  | Found a runed translucent gate.
 16447 | Swamp:3  | Found a runed translucent gate.
 16447 | Swamp:3  | Found a runed translucent gate.
 16463 | Swamp:3  | Noticed a thorn hunter
 16484 | Swamp:3  | Killed a thorn hunter
 17135 | Swamp:3  | Noticed qazz's ghost (adept OnGl)
 17338 | Swamp:3  | Killed qazz's ghost
 17399 | Swamp:4  | Entered Level 4 of the Swamp
 17436 | Swamp:4  | Reached skill level 10 in Fighting
 17441 | Swamp:4  | Reached XP level 17. HP: 98/119 MP: 0/0
 17441 | Swamp:4  | Learned a level 6 spell: Summon Cactus Giant
 17446 | Swamp:4  | Reached skill level 10 in Invocations
 17471 | Swamp:4  | Reached skill level 10 in Armour
 17591 | Swamp:4  | Got a decaying rune of Zot
 18072 | Spider:1 | Entered Level 1 of the Spider Nest
 18087 | Spider:1 | Noticed Kirke
 18097 | Spider:1 | Killed Kirke
 18253 | Spider:1 | Noticed Azrael
 18270 | Spider:1 | Killed Azrael
 19295 | Spider:2 | Reached XP level 18. HP: 128/128 MP: 0/0
 20241 | Spider:3 | Identified the serpent talisman of Past Mistakes {rF- Str+4
                  | Dex+3}
 20241 | Spider:3 | Noticed Aizul
 20255 | Spider:3 | Killed Aizul
 20689 | Spider:3 | Reached skill level 18 in Earth Magic
 20815 | Spider:3 | Identified the +8 flail of Nafojiw {heavy, rElec rPois
                  | Int+3}
 20821 | Spider:3 | Identified the +1 helmet "Denure" {Fly rC+}
 21018 | Spider:4 | Entered Level 4 of the Spider Nest
 21158 | Spider:4 | Upgraded the game from 0.31-a0-1376-g36f0627 to
                  | 0.31-a0-1392-g2ccc7d8
 21664 | Spider:4 | Reached XP level 19. HP: 117/135 MP: 0/0
 21664 | Spider:4 | Learned a level 7 spell: Orb of Destruction
 21853 | Spider:4 | Identified the +4 hat "Lunasch" {Rampage rC+ Str+4}
 21907 | Spider:4 | Got a gossamer rune of Zot
 22970 | D:12     | Found a bloodstained altar of Trog.
 23235 | D:13     | Identified a scroll of acquirement
 23235 | D:13     | Acquired a manual of Earth Magic
 24220 | D:14     | Reached skill level 1 in Shields
 24248 | D:14     | Found a burning altar of Makhleb.
 24651 | D:14     | Found a large runed translucent door.
 24652 | D:14     | Found a large runed translucent door.
 24654 | D:14     | Noticed Huysup's ghost (journeyman BaAr)
 24693 | D:14     | Found a gate to the Vaults.
 25084 | D:14     | Killed Huysup's ghost
 25111 | D:15     | Entered Level 15 of the Dungeon
 25298 | D:15     | Reached XP level 20. HP: 132/144 MP: 0/0
 25651 | D:15     | Found a staircase to the Depths.
 25833 | Vaults:1 | Entered Level 1 of the Vaults
 25926 | Vaults:1 | Noticed Saint Roka
 25930 | Vaults:1 | Noticed Asterion
 25942 | Vaults:1 | Killed Asterion
 25943 | Vaults:1 | Killed Saint Roka
 26004 | Vaults:1 | Reached skill level 19 in Earth Magic
 26361 | Vaults:1 | Found Fenower's Distillery.
 26367 | Vaults:1 | Bought a potion of heal wounds for 75 gold pieces
 26367 | Vaults:1 | Bought a potion of curing for 45 gold pieces
 26367 | Vaults:1 | Bought a potion of haste for 150 gold pieces
 26367 | Vaults:1 | Bought a potion of curing for 45 gold pieces
 26367 | Vaults:1 | Bought a potion of heal wounds for 75 gold pieces
 26367 | Vaults:1 | Bought a potion of curing for 45 gold pieces
 26661 | Vaults:1 | Reached skill level 5 in Shields
 26661 | Vaults:1 | Reached skill level 1 in Shapeshifting
 27030 | Vaults:1 | Reached skill level 15 in Dodging
 27046 | Vaults:1 | Found Fama's Antique Weapon Boutique.
 27069 | Vaults:1 | Found Rehenyph's Armour Boutique.
 27077 | Vaults:1 | Bought the +4 leather armour "Qusupy" {rElec Will++ Str-3
                  | SInv} for 1005 gold pieces
 27317 | Elf:1    | Entered Level 1 of the Elven Halls
 27379 | Elf:1    | Reached XP level 21. HP: 134/151 MP: 0/0
 27379 | Elf:1    | Learned a level 8 spell: Ignition
 27684 | Elf:1    | Found Fumetov's Overcharged Wands.
 28627 | Elf:2    | Found Guosofie's Jewellery Boutique.
 28816 | Elf:2    | Identified the +0 chain mail "Hocwibbi" {rPois Int+6 Dex+3}
 28870 | Elf:2    | Found Kuder's Weapon Boutique.
 28986 | Elf:2    | Found a runed translucent gate.
 28986 | Elf:2    | Found a runed translucent gate.
 28990 | Elf:2    | Found a runed translucent gate.
 29169 | Elf:2    | Identified the +1 pair of gloves of the Heavens {Will+}
 29169 | Elf:2    | Noticed Nikola
 29194 | Elf:2    | Killed Nikola
 29599 | Elf:3    | Entered Level 3 of the Elven Halls
 29958 | Elf:3    | Reached XP level 22. HP: 159/159 MP: 0/0
 29992 | Elf:3    | Identified the +0 leather armour of Hadjma {^Contam Rampage
                  | rN+}
 30087 | Elf:3    | Identified the +7 flail of the Hated {flame, rF+ rC- Int+4}
 30134 | Elf:3    | Identified the +3 glaive of Kiodiofru {drain, *Noise Str+3
                  | Int+4}
 30212 | Elf:3    | Acquired the ring of Wuduts {rPois rC+ Will++ SInv}
 30703 | Elf:3    | Identified the +3 war axe "Akkuloc" {freeze, rC+ Will+}
 30959 | Elf:3    | Found Dufoanes's General Store.
 31605 | Vaults:2 | Reached skill level 20 in Earth Magic
 31669 | Vaults:2 | Reached skill level 5 in Shapeshifting
 32142 | Vaults:2 | Reached skill level 15 in Fighting
 32574 | Vaults:2 | Reached skill level 15 in Invocations
 32730 | Vaults:3 | Reached XP level 23. HP: 166/166 MP: 0/0
 32730 | Vaults:3 | Learned a level 7 spell: Monstrous Menagerie
 32773 | Vaults:3 | Reached skill level 15 in Armour
 32845 | Vaults:3 | Found Zuvveth's Weapon Shop.
 32936 | Vaults:3 | You are sucked into a shaft and drop 1 floor!
 33113 | Vaults:4 | Found Kuxigawo's Antique Weapon Emporium.
 34089 | Vaults:4 | Identified the +5 rapier of Glory {pain, ^Contam rF+ rCorr
                  | Stlth+}
 34636 | Vaults:4 | Identified the +0 robe of Tartarus {Str+3}
 34675 | Vaults:5 | Entered Level 5 of the Vaults
 34691 | Vaults:5 | Noticed a golden dragon
 34699 | Vaults:5 | Killed a golden dragon
 34700 | Vaults:5 | Reached XP level 24. HP: 175/175 MP: 0/0
 34709 | Vaults:5 | Noticed a dread lich
 34718 | Vaults:5 | Identified the +9 hand axe "Imeschafu" {freeze, rPois SInv}
 34719 | Vaults:5 | Reached skill level 10 in Shields
 34720 | Vaults:5 | Reached skill level 21 in Earth Magic
 34720 | Vaults:5 | Killed a dread lich
 34943 | Vaults:5 | Identified the ring of Free Will {Will++ EV+5}
 35226 | Vaults:5 | Identified the ring "Typpoups" {rElec rPois Will+ Str+6
                  | Slay+3 Stlth+}
 35336 | Vaults:5 | Identified the +2 plate armour "Kym Xemp" {Str+6 Dex+4}
 35356 | Vaults:5 | Identified the +0 plate armour of Wiatah {Int+3}
 35421 | Vaults:5 | Identified the +4 hand axe "Ogreslayer" {spect, rF+ Str-5
                  | Int+3}
 35580 | Vaults:5 | Identified the +0 cloak of Rejodami {Fly rC+ Will+++ Int-4}
 35648 | Vaults:5 | Identified the +1 shortbow "Kixynlett" {flame, *Slow rN+
                  | Str+6}
 35666 | Vaults:5 | Got a silver rune of Zot
 35832 | Vaults:5 | Identified the +10 mace of Zoxkoref {holy, Fly rElec rC+
                  | Str+2}
 35891 | Vaults:5 | Noticed an ancient lich
 35901 | Vaults:5 | Killed from afar by an ancient lich

Illustrated notes

Levels and vault maps discovered:
D:1:      scummos_arrival_simple_crosswalls, layout_rooms
D:2:      layout_basic, hellmonk_ecumenical_altar_prayer_group, minmay_between
D:3:      layout_basic, hex_medium
D:4:      layout_basic, kiku_gazebo_garden_becter, temple_fountains,
          portal_sewer_entry_d, uniq_ijyb
D:5:      layout_loops_ring, hellmonk_overflow_destroyed_library, serial_shops,
          shop
D:6:      layout_gridville, chequers_ossuary_entry_cave
D:7:      layout_loops_ring, okawaru_humans, minivault_19, uniq_menkaure,
          uniq_maurice
D:8:      layout_basic, mainiacjoe_overflow_catwalk_spiral, uniq_erica,
          uniq_amaemon, uniq_pikel, uniq_maggie
D:9:      layout_cave_pools, ashenzari_altar_1, roderic_batcave
D:10:     layout_basic, david_orc_3, uniq_urug
D:11:     layout_loops_corners, lair_entry_dummy, serial_bayou,
          serial_bayou_pond_b, serial_bayou_pond_a, serial_bayou_pond_b,
          serial_bayou_crossing, doesnt_xom_only_xom, uniq_lodul
D:12:     kennysheep_green_arena, layout_cave_pools, bloody_trog
D:13:     layout_gridville, minmay_shattered_shrine
D:14:     layout_roguey, grunt_vaults_entry_tiered, basic_altar,
          ebering_ghost_disaster_area
D:15:     gammafunk_enter_depths_forms, layout_basic, nicolae_wwwww,
          nicolae_sif_muna_condensation
Temple:   regret_index_temple_generic_petals
Lair:1:   layout_hall_layers, uniq_sonja, uniq_grum
Lair:2:   layout_hall_layers, mainiacjoe_swamp_entry_angry_trees,
          enter_volcano_2, portal_ice_cave_entry_pillars_1, st_stairs_12,
          grunt_megastairs_1, uniq_prince_ribbit2, uniq_harold
Lair:3:   layout_long_grid, nicolae_spider_entry_tight_spaces,
          serial_bayou_shore_a
Lair:4:   layout_hall_layers, dpeg_slime_entry_corner, dreamdust_gnoll_shepherd,
          infiniplex_staircase_pool_2, uniq_josephine
Swamp:1:  layout_falls_marsh, evilmike_swamp_ruin_house_4, uniq_louise
Swamp:2:  layout_basic_swamp, ebering_ghost_inner_flame, hangedman_swamp_cone,
          swamp_pool_4, beargit_elvish_explorers
Swamp:3:  layout_falls_marsh, gammafunk_ghost_necromancy,
          evilmike_swamp_ruin_house_3, swamp_pool_3, nicolae_swamp_baby_hydras
Swamp:4:  swamp_fiery, layout_basic_swamp, swamp_pool_1_2
Spider:1: spider_temple_joshua, uniq_azrael, uniq_kirke
Spider:2: layout_cave_pods
Spider:3: layout_spider_delve, uniq_aizul
Spider:4: guppyfry_spider_rune
Orc:1:    minmay_goldmine, layout_diamond_mine, uniq_erolcha
Orc:2:    grunt_orc_gardens, layout_caves, grunt_orc_garden, grunt_orc_garden,
          grunt_orc_garden, grunt_orc_garden
Elf:1:    eino_elf_arrival_the_gate, layout_geoelf_diagonals,
          hangedman_elf_disciples, grunt_ministairs_11,
          nicolae_shop_overcharged_wands
Elf:2:    elven_hall_of_blades_hangedman_original [mumra_blade_entry_dagger],
          layout_onion_city, serial_shops, shop,
          minmay_shop_enchanted_jewellery, uniq_nikola
Elf:3:    grunt_elf_hall_spiral, layout_gridlike, serial_shops,
          nicolae_shop_pleasant_corner_grove
Vaults:1: nicolae_vaults_stepped_doors, nicolae_vaults_network_square,
          vaults_dpeg_encased_lava, v_misc_23, hangedman_vaults_snaps,
          vaults_mumra_hexcomb, hangedman_vaults_corner_blocks,
          hangedman_vaults_river_flow, nicolae_vaults_diamond_1,
          layout_vaults_quadrants, serial_shops, nicolae_shop_getting_attention,
          shop, shop, uniq_saint_roka, uniq_asterion
Vaults:2: nicolae_vaults_prndl, hangedman_vaults_nails, hangedman_vaults_corner,
          nicolae_vaults_tetromino_L_2, nicolae_vaults_shelves_hall,
          nicolae_vaults_stairing_the_circle, nicolae_vaults_alarming,
          nicolae_vaults_mini_display_case, ontoclasm_vaults_pinch,
          ontoclasm_vaults_gateway, nicolae_vaults_little_guard_posts,
          ontoclasm_vaults_shuriken, layout_vaults_big_room
Vaults:3: nicolae_vaults_tetromino_L_2, vaults_room_hallway,
          hangedman_vaults_stretched_pinwheel, nicolae_vaults_tetromino_L_1,
          hangedman_vaults_stretched_pinwheel, nicolae_vaults_library_corner,
          nicolae_vaults_theta, hangedman_vaults_cutoff,
          minmay_crypt_entry_simple_corners, grunt_vaults_hallway_long,
          nicolae_vaults_closet_pinwheel_1, nicolae_vaults_door_testing_chamber,
          layout_vaults_omnibox, serial_shops, nicolae_shop_advertising_works
          [nicolae_subvault_shop_adworks]
Vaults:4: grunt_vaults_trifunnel, nicolae_vaults_wine_cellar, v_misc_16,
          v_misc_29, vaults_room_mumra_shop_pool, vaults_room_pools,
          gargoyle_guard, vaults_room_pools, vaults_mumra_minichess, v_rooms_4,
          v_misc_18, ontoclasm_vaults_twist, nicolae_vaults_little_squares_4,
          nicolae_vaults_circle_grid_a, layout_vaults_omnicross
Vaults:5: serial_shops

Skill      XL: |  1  2  3  4  5  6  7  8  9 10 11 12 13 14 15 16 17 18 19 20 21 22 23 24 |
---------------+-------------------------------------------------------------------------+-----
Spellcasting   | 4 5 6 7 9 10 12 14 15 16 17 18 19 | 19.9
Conjurations   | 4 5 6 7 9 10 12 14 15 16 17 18 19 | 19.9
Hexes          | 4 5 6 7 9 10 12 14 15 16 17 18 19 | 19.9
Summonings     | 4 5 6 7 9 10 12 14 15 16 17 18 19 | 19.9
Necromancy     | 4 5 6 7 9 10 12 14 15 16 17 18 19 | 19.9
Translocations | 4 5 6 7 9 10 12 14 15 16 17 18 19 | 19.9
Fire Magic     | 4 5 6 7 9 10 12 14 15 16 17 18 19 | 19.9
Ice Magic      | 4 5 6 7 9 10 12 14 15 16 17 18 19 | 19.9
Air Magic      | 4 5 6 7 9 10 12 14 15 16 17 18 19 | 19.9
Earth Magic    | 4 5 6 7 9 10 12 14 15 16 17 18 19 20 21 | 21.2
Alchemy        | 4 5 6 7 9 10 12 14 15 16 17 18 19 | 19.9
Fighting       | 2 5 7 8 10 11 12 13 14 15 16 | 16.1
Armour         | 2 5 7 8 9 11 12 13 14 15 16 | 16.0
Invocations    | 2 5 7 8 9 11 12 13 14 15 16 | 16.1
Dodging        | 4 6 8 9 11 12 13 14 15 16 17 | 17.6
Shields        | 2 5 7 8 9 10 | 10.5
Shapeshifting  | 1 4 5 6 7 |  7.8
Stealth        | |  1.5

Action                     |  1- 3 |  4- 6 |  7- 9 | 10-12 | 13-15 | 16-18 | 19-21 | 22-24 || total
---------------------------+-------+-------+-------+-------+-------+-------+-------+-------++-------
  Melee: Staff             |       |       |       |       |       |     3 |     2 |       ||     5
         Punch             |       |       |       |       |       |       |     1 |       ||     1
   Cast: Magic Dart        |    56 |    56 |   101 |    52 |       |       |       |       ||   265
         Searing Ray       |     1 |    16 |    21 |    18 |    15 |     4 |       |     1 ||    76
         Sting             |       |     3 |       |       |       |     1 |     7 |     2 ||    13
         Fulminant Prism   |       |     3 |    33 |    95 |   287 |   367 |   206 |   208 ||  1199
         Iskenderun's Myst |       |     1 |     9 |    12 |    68 |   167 |    75 |    38 ||   370
         Gell's Gravitas   |       |       |     1 |     5 |     4 |     1 |     8 |     2 ||    21
         Borgnjor's Vile C |       |       |       |    45 |    19 |    41 |    44 |    37 ||   186
         Dispel Undead     |       |       |       |       |    14 |       |       |       ||    14
         Agony             |       |       |       |       |     3 |     1 |       |     1 ||     5
         Starburst         |       |       |       |       |       |     2 |    31 |    10 ||    43
         Summon Cactus Gia |       |       |       |       |       |    15 |    34 |    23 ||    72
         Ensorcelled Hiber |       |       |       |       |       |     1 |       |       ||     1
         Orb of Destructio |       |       |       |       |       |       |   105 |    52 ||   157
         Ignition          |       |       |       |       |       |       |    24 |    51 ||    75
         Monstrous Menager |       |       |       |       |       |       |       |    36 ||    36
 Invoke: Greater Servant o |       |       |       |       |       |       |       |     2 ||     2
    Use: Scroll            |       |       |       |    11 |     5 |     6 |     8 |     8 ||    38
         Potion            |       |       |       |       |     1 |       |       |     5 ||     6
 Armour: Robe              |     5 |     3 |    10 |    41 |    50 |       |       |       ||   109
         Chain mail        |       |       |       |       |    59 |   234 |       |       ||   293
         Ring mail         |       |       |       |       |       |    58 |   119 |   162 ||   339
         Leather armour    |       |       |       |       |       |       |    46 |     2 ||    48
  Dodge: Dodged            |     8 |    10 |    24 |    41 |    63 |    95 |    97 |    85 ||   423
  Block: Buckler           |       |       |       |       |       |       |    30 |    47 ||    77

Table legend: (Time is in decaauts)
 A = Elapsed time spent in this place.
 B = Non-inter-level travel time spent in this place.
 C = Inter-level travel time spent in this place.
 D = Time resting spent in this place.
 E = Time spent auto-exploring this place.
 F = Levels seen in this place.
 G = Mean time per level.
                   A        B        C        D        E       F      G
               +--------+--------+--------+--------+--------+-----+--------+
         Total |  35915 |  33372 |   2543 |   1939 |  23073 |  42 |  855.1 |
       Dungeon |  12773 |  11699 |   1074 |    454 |   8995 |  15 |  851.5 |
        Temple |     92 |      4 |     88 |      0 |      0 |   1 |   92.0 |
          Lair |   3242 |   2852 |    390 |    119 |   2068 |   4 |  810.5 |
         Swamp |   3185 |   3006 |    179 |    185 |   2032 |   4 |  796.2 |
   Spider Nest |   4250 |   4072 |    178 |    374 |   2462 |   4 | 1062.5 |
  Orcish Mines |   1237 |   1095 |    142 |     30 |    798 |   2 |  618.5 |
   Elven Halls |   3784 |   3516 |    268 |    330 |   2155 |   3 | 1261.3 |
        Vaults |   5973 |   5751 |    222 |    401 |   3690 |   5 | 1194.6 |
         Sewer |    541 |    541 |      0 |      4 |    410 |   1 |  541.0 |
       Ossuary |    201 |    201 |      0 |      0 |    151 |   1 |  201.0 |
      Ice Cave |    206 |    206 |      0 |     25 |     29 |   1 |  206.0 |
       Volcano |    426 |    426 |      0 |     17 |    283 |   1 |  426.0 |
               +--------+--------+--------+--------+--------+-----+--------+

Top non-repeatable levels by time:
Vaults:4: 1738 daAuts
Vaults:1: 1670 daAuts
   Elf:3: 1425 daAuts
   Elf:1: 1295 daAuts
Spider:4: 1232 daAuts
Vaults:5: 1215 daAuts
  Lair:2: 1213 daAuts
     D:7: 1175 daAuts
Vaults:2: 1130 daAuts
    D:11: 1115 daAuts
    D:14: 1084 daAuts
    D:13: 1080 daAuts
Spider:2: 1069 daAuts
   Elf:2: 1063 daAuts
Spider:1: 1016 daAuts
